 Dungeon Crawl Stone Soup version 0.32-a0-931-g5a2cda0630 (webtiles) character file.

Game seed: 2507203963985238642

74 Meejax the Ruffian (level 4, -1/33 HPs)
             Began as a Demonspawn Gladiator on Apr 13, 2024.
             Slain by Terence
             ... wielding a +4 mace of protection
              (14 damage)
             ... on level 2 of the Dungeon.
             The game lasted 00:02:10 (1425 turns).

Meejax the Ruffian (Demonspawn Gladiator)           Turns: 1425, Time: 00:02:11

Health: -1/33      AC:  3    Str: 16    XL:     4   Next: 9%
Magic:  3/3        EV: 11    Int:  9    God:
Gold:   55         SH:  0    Dex: 14    Spells: 3/3 levels left

rFire   . .          .
                       - Unarmed
rCold   . . .        (no shield)
rNeg    . . .        a - +0 leather armour
rPois   .            b - +0 helmet
rElec   .            f - +0 cloak
rCorr   .            (no gloves)
SInv    .            (no boots)
Will    .....        o - amulet of regeneration
Stlth   +            e - ring of wizardry
HPRegen 1.05/turn    (no ring)
MPRegen 0.08/turn

%: wizardry (x1)
@: no status effects
A: foul stench 1, deformed body, low MP 1, wild magic 1
a: no special abilities


You were on level 2 of the Dungeon.
You visited 1 branch of the dungeon, and saw 2 of its levels.

You collected 55 gold pieces.

Inventory:

Missiles
 c - a throwing net (quivered)
 d - a javelin
Armour
 a - a +0 leather armour (worn)
 b - a +0 helmet (worn)
 f - a +0 cloak (worn)
Jewellery
 e - a ring of wizardry (left hand)
 o - an amulet of regeneration (around neck)
Scrolls
 j - a scroll of fear {unknown}
 k - a scroll of identify {unknown}
 m - a scroll of silence {unknown}
 n - a scroll of revelation {unknown}
Potions
 i - a potion of degeneration {unknown}
 l - a potion of heal wounds {unknown}
 p - a potion of curing {unknown}


   Skills:
 + Level 2.1 Fighting
 + Level 1.7 Throwing
 + Level 0.8 Armour
 + Level 3.0 Dodging
 + Level 0.1 Stealth
 * Level 4.0 Unarmed Combat


You had 3 spell levels left.
You didn't know any spells.
Your spell library contained the following spells:

 Spells                   Type           Power      Damage    Failure   Level
 Magic Dart               Conj           0%         1d3       26%         1
 Blink                    Tloc           0%         N/A       34%         2
 Call Imp                 Summ           0%         N/A       34%         2


Dungeon Overview and Level Annotations

Branches:
Dungeon (2/15)

Altars:

Annotations:
D:2 Terence


Innate Abilities, Weirdness & Mutations

You may rarely emit foul miasma when damaged in melee.
Armour fits poorly on your strangely shaped body.
Your magical capacity is low. (-10% MP)
Your spells are a little harder to cast, but a little more powerful.


Message History

Your +0 leather armour unmelds from your body.
Items here: )))) †††.
Found a stone staircase leading down.
Terence and an endoplasm come into view.
Terence is wielding a +4 mace of protection.
There are monsters nearby!
There are monsters nearby!
Throw: 3 throwing nets
Press: ? - help, Q - select action, (/) - cycle Shift-Dir - straight line, f - endoplasm
Aim: an endoplasm (85% to hit, immune to nets)
Okay, then.
You hit the endoplasm but do no damage. You punch the endoplasm.
The endoplasm is lightly wounded.
You hit the endoplasm.
You kill the endoplasm!
You barely miss Terence.
Terence hits you with a +4 mace of protection.
You hit Terence but do no damage.
Terence hits you with a +4 mace of protection.
You hit Terence but do no damage. Terence barely misses you.
You hit Terence but do no damage.
Terence hits you with a +4 mace of protection!
You closely miss Terence. Terence misses you.
Throw: 3 throwing nets
Press: ? - help, Q - select action, (/) - cycle Shift-Dir - straight line, f - Terence
Aim: Terence, wielding a +4 mace of protection and wearing a +0 ring mail (60% to hit)
You throw a throwing net.
The throwing net closely misses Terence.
Terence hits you with a +4 mace of protection!
You emit a cloud of foul miasma!
Throw: 2 throwing nets
Press: ? - help, Q - select action, (/) - cycle Shift-Dir - straight line, f/p - Terence
Aim: Terence, wielding a +4 mace of protection and wearing a +0 ring mail (foul pestilence, 60% to hit)
You throw a throwing net.
The throwing net closely misses Terence.
Terence is engulfed in dark miasma.
Terence is poisoned.
Terence seems to slow down.
Terence hits you with a +4 mace of protection!
You die...
Terence says, "That felt goooood."

#.#.##.##.>..........
#.#.##.##.#.#....... .
................#.##..
#.#.##.##.#.##......
#.#.##.##.#.##..#.##..
#.#.##.##.#...........
..........####..#.##..
#...##.##.####..#.##..#
#..###.##.......@.....#
#..#
#.##.####..@.......
#..# #.##.# #..(......#
#..# #.# ##.#.##....
#..# #.# #.#.# ..# #..#
### #.#.# .# #... #.#.#
. #. ##


You could see Terence (poisoned, slow).

Vanquished Creatures
  Robin (D:2)
  An adder (D:2)
  A dart slug (D:1)
  A ribbon worm (D:2)
  3 bats (D:1)
  4 endoplasms
  A giant cockroach (D:2)
  9 goblins
  7 hobgoblins
  2 jackals (D:1)
  5 kobolds
  2 quokkas (D:2)
  5 ball pythons
  A rat (D:1)
43 creatures vanquished.

Notes
Turn   | Place    | Note
-------+----------+-------------------------------------------
     0 | D:1      | Meejax the Demonspawn Gladiator began the quest for the
                  | Orb.
     0 | D:1      | Reached XP level 1. HP: 16/16 MP: 1/1
   369 | D:1      | Reached skill level 3 in Unarmed Combat
   389 | D:1      | Gained mutation: You may rarely emit foul miasma when
                  | damaged in melee. [demonic ancestry]
   389 | D:1      | Reached XP level 2. HP: 22/22 MP: 2/2
  1178 | D:2      | Reached XP level 3. HP: 27/27 MP: 3/3
  1319 | D:2      | Noticed Robin
  1325 | D:2      | Gained mutation: Armour fits poorly on your strangely
                  | shaped body. [potion of mutation]
  1325 | D:2      | Gained mutation: Your magical capacity is low. (-10% MP)
                  | [potion of mutation]
  1325 | D:2      | Gained mutation: Your spells are a little harder to cast,
                  | but a little more powerful. [potion of mutation]
  1351 | D:2      | Killed Robin
  1352 | D:2      | Reached skill level 4 in Unarmed Combat
  1352 | D:2      | Reached XP level 4. HP: 33/33 MP: 3/3
  1414 | D:2      | Noticed Terence
  1425 | D:2      | Slain by Terence

Illustrated notes

Levels and vault maps discovered:
D:1:      dpeg_arrival_rooms_a, layout_loops_ring
D:2:      layout_basic, st_stairs_13, minmay_tetromino_l4, uniq_terence,
          uniq_robin

Skill      XL: |  1  2  3 |
---------------+----------+-----
Unarmed Combat | 3 4 |  4.0
Dodging        | 3 |  3.0
Fighting       | |  2.1
Throwing       | |  1.7
Armour         | |  0.8
Stealth        | |  0.1

Action                     |  1- 3 |  4- 6 || total
---------------------------+-------+-------++-------
  Melee: Unarmed           |   144 |     9 ||   153
         Punch             |     3 |     1 ||     4
  Throw: Throwing net      |       |     2 ||     2
    Use: Potion            |     2 |       ||     2
   Stab: Sleeping          |     1 |       ||     1
 Armour: Leather armour    |    95 |     5 ||   100
         Skin              |    65 |     1 ||    66
  Dodge: Dodged            |    89 |     2 ||    91

Table legend: (Time is in decaauts)
 A = Elapsed time spent in this place.
 B = Non-inter-level travel time spent in this place.
 C = Inter-level travel time spent in this place.
 D = Time resting spent in this place.
 E = Time spent auto-exploring this place.
 F = Levels seen in this place.
 G = Mean time per level.
                   A        B        C        D        E       F      G
               +--------+--------+--------+--------+--------+-----+--------+
         Total |   1415 |   1361 |     54 |    200 |    853 |   2 |  707.5 |
       Dungeon |   1415 |   1361 |     54 |    200 |    853 |   2 |  707.5 |
               +--------+--------+--------+--------+--------+-----+--------+

Top non-repeatable levels by time:
     D:1: 994 daAuts
     D:2: 421 daAuts
